 Dungeon Crawl Stone Soup version 0.31-a0-354-g827e0957a7 (webtiles) character file.

Game seed: 6193679920805149687

996383 drugrobin the Impregnable (level 27, -3/218 (264) HPs)
             Began as a Demigod Delver on July 23, 2023.
             Killed from afar by a Tzitzimitl (10 damage)
             ... with a bolt of negative energy
             ... on level 4 of Tartarus.
             The game lasted 10:03:13 (112633 turns).

drugrobin the Impregnable (Demigod Delver)        Turns: 112633, Time: 10:03:14

HP:   -3/218 (264)  AC: 43    Str: 32 (35) XL:     27
MP:   54/54         EV: 16    Int: 32      God:
Gold: 6401          SH:  9    Dex: 16      Spells: 2/67 levels left

rFire   + + .        a - +13 sceptre of Asmodeus
rCold   + + +        G - +3 buckler {rC+}
rNeg    + + .        s - +6 gold dragon scales
rPois   +            Y - +2 helmet {SInv}
rElec   .            d - scarf {rC+ rF+}
rCorr   .            W - +1 pair of gloves "Razop" {Regen+ Int+5}
SInv    +            g - +2 pair of boots of Patience {rN++ Str+3 Int-4}
Will    +....        H - amulet of Vitality {RegenMP++ Regen++} Stlth
                     F - ring of Riwug {Wiz Str+3}
HPRegen 2.96/turn    x - +4 ring of slaying
MPRegen 1.14/turn

%: wizardry (x1)
@: wereblooded, hasted, studying Polearms, silenced, heavily drained, unable to
read, weak-willed, very quick
A: high MP 1, forlorn, divine attributes, clumsy 1, deterioration 1, strong 1,
inability to read after injury 1
}: 10/15 runes: decaying, serpentine, slimy, silver, obsidian, abyssal, demonic,
glowing, magical, fiery
a: no special abilities


You were on level 4 of Tartarus.
You visited 16 branches of the dungeon, and saw 70 of its levels.
You visited Pandemonium 2 times, and saw 10 of its levels.
You visited the Abyss 8 times.
You also visited: Bailey, Ice Cave and Wizlab.

You collected 11439 gold pieces.
You spent 5038 gold pieces at shops.

Inventory:

Hand Weapons
 a - the +13 sceptre of Asmodeus (weapon)
   (You took it off Asmodeus on level 7 of Gehenna)

   Fire Summon: It may summon demons of flame and damnation when striking foes.
 c - a +9 demon whip of flaming
 e - a +7 demon whip of freezing
 L - a +2 vampiric demon whip
Armour
 d - a scarf of resistance (worn)
 g - the +2 pair of boots of Patience (worn) {rN++ Str+3 Int-4}
   (You found it on level 7 of Gehenna)

   Str:       It affects your strength (+3).
   Int:       It affects your intelligence (-4).
   rN:        It greatly protects you from negative energy.
 s - +6 gold dragon scales (worn)
 u - a +0 pair of boots of flying
 G - a +3 buckler of cold resistance (worn)
 I - a +2 cloak of willpower
 R - a +2 helmet of intelligence
 W - the +1 pair of gloves "Razop" (worn) {Regen+ Int+5}
   (You found it on level 3 of the Elven Halls)

   Int:       It affects your intelligence (+5).
   Regen:     It increases your rate of health regeneration.
 Y - a +2 helmet of see invisible (worn)
Magical Staves
 b - a staff of air
Jewellery
 j - a ring of see invisible
 x - a +4 ring of slaying (right hand)
 z - a ring of resist corrosion
 A - the amulet "Haack" {Reflect rPois SH+5 SInv}
   (You took it off a red devil in Pandemonium)

   [amulet of reflection]

   It reflects blocked missile attacks.
   rPois:     It protects you from poison.
   SInv:      It lets you see invisible.
   SH:        It affects your SH (+5).
 B - the ring "Topesar" {rPois rN++ AC+4 Int-5}
   (You found it in Pandemonium)

   [ring of protection]

   AC:        It affects your AC (+4).
   Int:       It affects your intelligence (-5).
   rPois:     It protects you from poison.
   rN:        It greatly protects you from negative energy.
 F - the ring of Riwug (left hand) {Wiz Str+3}
   (You found it on level 2 of the Lair of Beasts)

   [ring of wizardry]

   It improves your spell success rate.
   Str:       It affects your strength (+3).
 H - the amulet of Vitality (around neck) {RegenMP++ Regen++}
   (You found it on level 5 of the Realm of Zot)

   [amulet of magic regeneration]

   It increases your rate of magic regeneration.
   Regen:     It increases your rate of health regeneration.
 Q - the ring of Zaruskeh {rElec MP+9 Stlth+}
   (You found it in Pandemonium)

   [ring of magical power]

   rElec:     It insulates you from electricity.
   MP:        It affects your magic capacity (+9).
   Stlth:     It makes you more stealthy.
 T - the ring of Cynicism {Fire rElec Will+ Int-2}
   (You took it off a balrug in Pandemonium)

   [ring of fire]

   It enhances your fire magic.
   Int:       It affects your intelligence (-2).
   rF:        It protects you from fire.
   rC:        It makes you vulnerable to cold.
   rElec:     It insulates you from electricity.
   Will:      It increases your willpower.
 X - the ring of Nacuma Aner {rPois rCorr}
   (You found it on level 5 of the Pits of Slime)

   [ring of poison resistance]

   rPois:     It protects you from poison.
   rCorr:     It protects you from acid and corrosion.
Wands
 E - a wand of iceblast (31)
 O - a wand of paralysis (73)
 P - a wand of quicksilver (35)
Scrolls
 f - 11 scrolls of immolation
 i - 9 scrolls of fear
 n - a scroll of blinking
 t - 4 scrolls of silence
 v - 4 scrolls of fog
 w - 15 scrolls of teleportation
 y - a scroll of enchant armour
 K - 14 scrolls of vulnerability
 S - 6 scrolls of summoning
Potions
 h - 7 potions of lignification
 k - 6 potions of ambrosia
 m - 6 potions of cancellation
 o - 6 potions of heal wounds
 q - 8 potions of haste
 r - 9 potions of resistance
 D - 13 potions of enlightenment
 J - 7 potions of invisibility
 M - 6 potions of might
 V - 34 potions of curing
Miscellaneous
 l - a lightning rod (4/4)
 p - the horn of Geryon
 C - a phial of floods
 N - a tin of tremorstones (2/2)
 U - a phantom mirror
 Z - a sack of spiders


   Skills:
 + Level 24.5 Fighting
 - Level 16.4 Maces & Flails
 - Level 25.6 Armour
 + Level 17.6 Dodging
 - Level 4.5 Stealth
 - Level 8.0 Shields
 + Level 20.8 Spellcasting
 - Level 5.0 Conjurations
 + Level 11.8 Hexes
 - Level 22.0 Air Magic
 - Level 15.0 Evocations


You had 2 spell levels left.
You knew the following spells:

 Your Spells              Type           Power      Damage    Failure   Level
a - Poisonous Vapours     Pois/Air       100%       N/A       1%          2
b - Mephitic Cloud        Conj/Pois/Air  74%        N/A       1%          3
c - Vhi's Electric Charg  Tloc/Air       100%       N/A       1%          3
d - Swiftness             Air            100%       N/A       0%          3
e - Freezing Cloud        Conj/Ice/Air   37%        6-21      1%          5
f - Arcjolt               Conj/Air       44%        1d54      1%          5
g - Maxwell's Capacitive  Air            54%        ∞         1%          8
h - Summon Lightning Spi  Summ/Air       81%        N/A       1%          4
i - Silence               Hex/Air        48%        N/A       1%          5
j - Wereblood             Tmut           33%        N/A       4%          2
k - Summon Small Mammal   Summ           100%       N/A       2%          1
l - Fulminant Prism       Conj/Hex       36%        3d17      1%          4
m - Blink                 Tloc           66%        N/A       4%          2
n - Conjure Ball Lightni  Conj/Air       44%        3x3d15    1%          6
o - Sublimation of Blood  Necr           33%        N/A       4%          2
q - Plasma Beam           Fire/Air       40%        2x1d54    4%          6
r - Airstrike             Air            54%        2d(8-24)  0%          4

Your spell library contained the following spells:

 Spells                   Type           Power      Damage    Failure   Level
 Foxfire                  Conj/Fire      100%       2x1d9     1%          1
 Magic Dart               Conj           100%       1d8       1%          1
 Slow                     Hex            100%       N/A       1%          1
 Cigotuvi's Dreadful Rot  Necr/Pois/Air  100%       N/A       1%          2
 Ensorcelled Hibernation  Hex/Ice        100%       N/A       1%          2
 Momentum Strike          Conj/Tloc      98%        3d10      1%          2
 Searing Ray              Conj           100%       2d8       1%          2
 Apportation              Tloc           66%        N/A       2%          1
 Freeze                   Ice            100%       1d10      2%          1
 Sandblast                Erth           66%        2d15      2%          1
 Sting                    Tmut/Pois      100%       1d8       2%          1
 Lesser Beckoning         Tloc           66%        N/A       4%          2
 Passwall                 Tmut/Erth      27%        N/A       4%          2
 Confusing Touch          Hex            83%        N/A       1%          3
 Dazzling Flash           Conj/Hex       100%       N/A       1%          3
 Inner Flame              Hex/Fire       63%        N/A       1%          3
 Summon Guardian Golem    Hex/Summ       63%        N/A       1%          3
 Cause Fear               Hex            41%        N/A       1%          4
 Hailstorm                Conj/Ice       49%        3d11      2%          3
 Stone Arrow              Conj/Erth      98%        3d13      2%          3
 Anguish                  Hex/Necr       31%        N/A       2%          4
 Leda's Liquefaction      Hex/Erth       31%        N/A       2%          4
 Metabolic Englaciation   Hex/Ice        31%        N/A       6%          5
 Summon Mana Viper        Hex/Summ       63%        N/A       6%          5
 Yara's Violent Unravell  Hex/Tmut       31%        3d13      6%          5
 Call Canine Familiar     Summ           33%        N/A       8%          3
 Frozen Ramparts          Ice            66%        1d10      8%          3
 Ignite Poison            Fire/Tmut/Pois 33%        N/A       8%          3
 Ozocubu's Armour         Ice            33%        N/A       8%          3
 Vampiric Draining        Necr           33%        2d8       8%          3
 Volatile Blastmotes      Fire/Tloc      66%        2d15      8%          3
 Flame Wave               Conj/Fire      49%        2d12      9%          4
 Iskenderun's Mystic Bla  Conj/Tloc      49%        2d11      9%          4
 Sticky Flame             Conj/Fire      49%        2d7       9%          4
 Iskenderun's Battlesphe  Conj           60%        2d11      9%          5
 Enfeeble                 Hex            41%        N/A       16%         7
 Animate Armour           Summ/Erth      66%        N/A       24%         4
 Animate Dead             Necr           33%        N/A       24%         4
 Olgreb's Toxic Radiance  Pois           33%        N/A       24%         4
 Passage of Golubria      Tloc           33%        N/A       24%         4
 Petrify                  Tmut/Erth      33%        N/A       24%         4
 Summon Ice Beast         Ice/Summ       33%        N/A       24%         4
 Fireball                 Conj/Fire      24%        3d11      24%         5
 Irradiate                Conj/Tmut      24%        3d19      24%         5
 Agony                    Necr           33%        N/A       52%         5
 Alistair's Intoxication  Tmut/Pois      22%        N/A       52%         5
 Borgnjor's Vile Clutch   Necr/Erth      16%        N/A       52%         5
 Lee's Rapid Deconstruct  Erth           16%        3d10*     52%         5
 Summon Forest            Summ/Tloc      16%        N/A       52%         5
 Discord                  Hex            41%        N/A       75%         8
 Leda's Unmaking          Conj/Erth      24%        9d5       77%         6
 Starburst                Conj/Fire      24%        6d8       77%         6
 Orb of Destruction       Conj           30%        9d10      92%         7
 Eringya's Noxious Bog    Tmut/Pois      16%        4d6       97%         6
 Simulacrum               Ice/Necr       16%        N/A       97%         6
 Summon Cactus Giant      Summ           16%        N/A       97%         6
 Haunt                    Necr/Summ      16%        N/A       100%        7
 Monstrous Menagerie      Summ           16%        N/A       100%        7
 Ozocubu's Refrigeration  Ice            16%        4d11      100%        7
 Summon Hydra             Summ           16%        N/A       100%        7
 Borgnjor's Revivificati  Necr           16%        N/A       100%        8
 Ignition                 Fire           16%        3d7       100%        8
 Infestation              Necr           16%        N/A       100%        8
 Lehudib's Crystal Spear  Conj/Erth      24%        10d7      100%        8
 Death's Door             Necr           16%        N/A       100%        9
 Dragon's Call            Summ           16%        N/A       100%        9


Dungeon Overview and Level Annotations

Branches:
Dungeon (15/15)            Temple (0/1) D:5            Lair (5/5) D:10
  Swamp (4/4) Lair:3        Snake (4/4) Lair:2        Slime (5/5) Lair:4
    Orc (2/2) D:11            Elf (3/3) Orc:2        Vaults (5/5) D:14
  Crypt (3/3) Vaults:2       Tomb (0/3) Crypt:3      Depths (4/4) D:15
   Hell (visited)             Dis (2/7) Hell            Geh (7/7) Hell
    Coc (1/7) Hell            Tar (4/7) Hell            Zot (5/5) Depths:4
 Bailey (visited)           IceCv (visited)          WizLab (visited)

Shops:
D:1 !   D:5 *   D:6 !   D:8 !   D:9 (!   D:10 !   D:11 :   Orc:2 :*[(*
Elf:1 *([=   Elf:2 (   Elf:3 =:=   Vaults:1 [   Vaults:2 =   Zot:1 *
Depths:3 !

Portals:
Hell: Depths:1 Depths:2 Depths:3 Depths:4
Abyss: Depths:1 Depths:3 Depths:4
Pandemonium: Depths:2
Ziggurat: Depths:2

Annotations:
D:14 3 runed translucent doors
Swamp:1 2 transporters, Rudyous's ghost, journeyman DsNe
Snake:2 Roxanne
Slime:2 Dissolution
Crypt:1 exclusion: obsidian statue
Zot:1 3 runed translucent doors, exclusion: obsidian statue, Oriecen's ghost, master DsEE
Zot:4 1 runed translucent door, Covvyleb's ghost, veteran DrIE; Grunn


Innate Abilities, Weirdness & Mutations

You have an increased reservoir of magic. (+10% MP)
You shall have no god before yourself.
Your divine heritage dramatically boosts your attributes as you level up.
You are clumsy. (Dex -2)
Your body sometimes deteriorates upon taking damage.
Your muscles are strong. (Str +4, Int/Dex -1)
You occasionally lose the ability to read scrolls when taking damage.


Message History

Unknown command.
Unknown command.
The hellion gestures at you.
The sphere of damnation explodes!
The damnation engulfs you!!
* * * LOW HITPOINT WARNING * * *
Unknown command.
Unknown command.
Unknown command.
The tormentor calls on the powers of darkness!
Your body is wracked with pain!
* * * LOW HITPOINT WARNING * * *
The spectral spriggan defender barely misses you.
The Tzitzimitl gestures at you. The bolt of negative energy hits you!
You partially resist.
You feel drained.
* * * LOW HITPOINT WARNING * * *
Unknown command.
Unknown command.
Unknown command.
Unknown command.
Unknown command.
Unknown command.
Unknown command.
Unknown command.
Unknown command.
Unknown command.
Unknown command.
Press: ? - help, v - describe, . - travel
Here: a spectral spriggan defender (silenced)
The floor.
Unknown command.
Unknown command.
You open the door.
You block the spectral spriggan defender's attack.
The Tzitzimitl gestures at you.
The bolt of negative energy hits the bone dragon.
The bone dragon completely resists.
The bolt of negative energy hits the tainted leviathan.
The tainted leviathan completely resists.
The bolt of negative energy hits you! You partially resist.
You feel drained.
You die...

########### ############
#.........# .............
#........## .............°
#.........##..........>..☼○
#........Z@'.............○C
#......Z○○##.............☼☼
#......Z2C##............§..
#.....2D☼D§................
#....D.°○1..........##..2☼○
#......W○§○....W.. ##..C.
#......°°☼°.#.#.D. #..D§°
#........°☼#### #.## #.D○°.
#....§.☼○.°#######.###.§C○○


You could see 3 bone dragons, a tainted leviathan (unsilenced), a Tzitzimitl
(unsilenced), a silent spectre (silencing), a spectral quicksilver dragon, a
spectral spriggan defender, a spectral nagaraja, a hellion (unsilenced) and a
tormentor (unsilenced).

Vanquished Creatures
  Cerebov (Pan)
  Asmodeus (Geh:7)
  the Royal Jelly (Slime:5)
  Mnoleg (Pan)
  Lom Lobon (Pan)
  5 dread liches
  3 ancient liches
  4 orbs of fire (Zot:5)
  Mara (Depths:1)
  Mennas (Pan)
  Bai Suzhen (Crypt:2)
  the Lernaean hydra (Swamp:4)
  9 Killer Klowns (Zot:5)
  A royal mummy (Depths:3)
  7 pandemonium lords (Pan)
  Geryon (Hell)
  8 caustic shrikes
  14 golden dragons
  Xtahua (Crypt:2)
  2 curse toes
  4 profane servitors
  A Hellbinder (WizLab)
  6 Tzitzimimeh (Pan)
  5 doom hounds
  6 bone dragons
  The ghost of Dugafar the Warrior, an adept GrFi of Cheibriados (Crypt:1)
  A spectral shard shrike (Tar:2)
  15 Brimstone Fiends
  4 electric golems
  11 hellephants
  16 tentacled monstrosities
  An Ice Fiend (Pan)
  7 tainted leviathans
  10 liches
  25 Orb Guardians (Zot:5)
  2 Hell Sentinels
  2 deep elf blademasters
  2 deep elf master archers (Elf:3)
  12 titans
  6 ancient champions
  A quicksilver dragon (Zot:5)
  19 acid blobs
  22 searing wretches
  11 Executioners
  14 tentacled starspawn
  7 death cobs
  8 sphinxes
  8 tengu reavers
  9 shadow dragons
  Kirke (D:15)
  13 storm dragons
  8 draconian monks
  5 nagarajas (Snake:4)
  10 azure jellies
  A demonspawn warmonger (Pan)
  A fenstrider witch (Swamp:2)
  5 deep elf sorcerers (Elf:3)
  9 rockslimes
  16 fire giants
  4 revenants
  3 draconian scorchers
  9 frost giants
  A ghost moth (shapeshifter) (D:15)
  A curse skull (Crypt:2)
  47 balrugs
  15 vault wardens
  4 draconian knights
  A spectral juggernaut (Tar:3)
  3 iron dragons
  6 deep elf elementalists (Elf:3)
  3 demonspawn corrupters (Pan)
  A spectral caustic shrike (Tar:2)
  3 draconian stormcallers (Zot:5)
  9 reapers
  A ghost moth (Zot:4)
  20 ironbound preservers
  6 formless jellyfish
  17 cacodemons (Pan)
  7 ghouls
  3 draconian shifters
  10 draconian annihilators
  An orc warlord (Vaults:3)
  12 quicksilver oozes
  8 war gargoyles
  5 spriggan defenders
  26 very ugly things
  A rockslime zombie (Crypt:1)
  The ghost of SirDiesAlot the Gelid, a journeyman OpSh of Cheibriados (Lair:5)
  5 ironbound thunderhulks
  13 stone giants
  11 black draconians
  8 vampire knights
  6 demonspawn black suns
  4 demonspawn blood saints (Pan)
  4 deep elf demonologists
  6 eleionomae
  Nessos (D:13)
  12 green draconians
  2 spectral titans
  9 spark wasps
  7 purple draconians
  9 deep elf annihilators
  10 yellow draconians
  11 dire elephants
  6 putrid mouths
  6 red draconians
  13 lorocyprocas
  8 bunyips
  11 white draconians
  10 blizzard demons
  27 starcursed masses
  3 crystal guardians
  5 eidola
  5 mummy priests (Depths:3)
  Snorg (D:13)
  9 jiangshi
  11 deep elf death magi
  2 iron golems (Hell)
  An entropy weaver (shapeshifter) (Elf:3)
  12 yaktaur captains
  13 green deaths
  An entropy weaver (Vaults:1)
  13 great orbs of eyes
  6 deep elf high priests
  2 shambling mangroves
  7 fire dragons
  15 ettins
  3 spectral spriggans
  20 hydras
  A hydra (shapeshifter) (Depths:2)
  3 peacekeepers
  A spectral shadow dragon (Tar:1)
  9 ice dragons
  16 salamander tyrants
  An elf skeleton (Hell)
  36 vault guards
  2 hell beasts (Pan)
  5 ghost crabs
  14 ironbound frosthearts
  7 rakshasas
  Erica (D:8)
  4 anacondas
  The ghost of Bekih the Destroyer, a journeyman TeAE of Hepliaklqana (D:15)
  A catoblepas (Lair:5)
  10 centaur warriors
  3 ogre magi
  8 two-headed ogres
  5 deep troll shamans
  9 alligators
  25 dancing weapons
  7 spriggan air magi
  5 stokers
  17 naga warriors
  2 death knights (Crypt:2)
  6 tengu warriors
  5 boulder beetles
  7 vampire magi
  8 demonic crawlers
  2 spectral stone giants
  A death yak (D:13)
  A titan zombie (Vaults:3)
  5 spriggan berserkers
  21 thrashing horrors
  A spectral dire elephant (Crypt:1)
  Urug (D:13)
  11 deep troll earth magi
  A shock serpent (shapeshifter) (Vaults:5)
  44 hell hogs
  21 naga sharpshooters
  5 hell knights
  17 shock serpents
  3 orc high priests (Orc:2)
  23 soul eaters
  Sonja (Orc:1)
  63 sun demons
  A spectral minotaur (Crypt:1)
  14 wretched stars
  A crystal echidna (Dis:1)
  3 spectral anacondas
  A skyshark (shapeshifter) (Depths:2)
  39 sixfirhies
  A spectral bunyip (Crypt:1)
  10 deep elf knights
  2 shadow wraiths
  Amaemon (D:9)
  7 iron trolls
  A skyshark (Lair:5)
  2 salamander mystics
  15 skeletal warriors
  The ghost of epsilonplus the Trooper, a novice OgSh of the Shining One (D:8)
  A spatial maelstrom (Abyss:3)
  59 deep trolls
  A shadow demon (Pan)
  10 deep elf archers
  2 glowing orange brains
  11 goliath frogs
  14 bog bodies
  A spectral iron dragon (Crypt:1)
  3 spriggan druids
  4 flayed ghosts
  11 lindwurms
  15 phantasmal warriors
  7 naga ritualists
  28 deep elf zephyrmancers
  An obsidian statue (Zot:5)
  11 swamp dragons
  6 harpies
  5 necromancers
  A shadow dragon zombie (Crypt:2)
  8 wizards
  A fenstrider witch simulacrum (Crypt:1)
  2 orange crystal statues
  11 ironbound convokers
  12 orc knights
  3 spectral hydras
  13 mana vipers
  A wolf spider (D:15)
  26 deep elf pyromancers
  A shining eye (shapeshifter) (Elf:2)
  5 orc sorcerers
  A stone giant zombie (Hell)
  47 ugly things
  An iron dragon zombie (Abyss:3)
  3 cyclopes
  4 worldbinders (Abyss:3)
  5 salamanders
  5 shining eyes
  2 will-o-the-wisps
  16 moths of wrath
  4 manticores
  21 vault sentinels
  A cyclops (shapeshifter) (Vaults:5)
  A dire elephant zombie (Crypt:1)
  An ice statue (Snake:4)
  10 rust devils
  22 black mambas
  A human skeleton (Vaults:3)
  Joseph (D:7)
  3 eyes of devastation
  8 naga magi
  2 guardian serpents
  11 molten gargoyles (Geh:7)
  A titan simulacrum (Abyss:3)
  A torpor snail (Lair:5)
  An elephant slug zombie (Crypt:1)
  3 gargoyles
  16 orange demons
  63 smoke demons
  A rime drake (shapeshifter) (Vaults:5)
  7 cane toads
  An unseen horror (D:12)
  Maggie (D:10)
  19 rime drakes
  22 yaktaurs
  12 efreet
  The ghost of LeprechaunX the Changeling, a novice OpSh (D:5)
  A catoblepas zombie (Crypt:1)
  5 komodo dragons
  2 yaktaurs (shapeshifter)
  31 hellions
  7 guardian mummies
  2 spectral nagas
  2 kobold demonologists (D:12)
  6 tengu conjurers
  5 freezing wraiths
  7 ice devils
  Psyche (D:12)
  18 tormentors
  5 red devils
  3 spectral harpies
  A death drake zombie (Crypt:1)
  2 silent spectres
  6 tyrant leeches
  12 ancient zymes
  A bloated husk (Swamp:1)
  2 harpy zombies
  24 hornets
  A wind drake (shapeshifter) (Vaults:5)
  34 polar bears
  9 trolls
  22 hellwings
  A great orb of eyes zombie (Crypt:1)
  6 meliai
  34 raiju
  24 blink frogs
  19 dream sheep
  A jumping spider zombie (Crypt:2)
  A radroach zombie (Crypt:3)
  A centaur simulacrum (D:14)
  A spectral black mamba (Lair:3)
  4 air elementals
  10 flying skulls
  A shadow (D:12)
  106 slime creatures
  8 water elementals
  35 ynoxinuls
  A spriggan (shapeshifter) (Abyss:3)
  34 spriggans
  4 wyverns
  A dire elephant simulacrum (Abyss:2)
  61 yaks
  A vampire (Abyss:2)
  5 basilisks
  12 wraiths
  A black mamba skeleton (Crypt:3)
  8 golden eyes
  43 chaos spawn
  3 fire elementals
  A slime creature zombie (Crypt:2)
  4 hogs (D:15)
  15 neqoxecs
  A steam dragon (D:8)
  6 fire bats
  A redback (shapeshifter) (Depths:4)
  A redback (Vaults:1)
  24 vampire mosquitoes
  70 large abominations
  12 swamp worms
  A spectral cane toad (Lair:3)
  A hydra simulacrum (Crypt:1)
  A harpy simulacrum (Abyss:3)
  2 naga zombies
  An acid dragon (D:13)
  3 hell hounds
  A merfolk skeleton (Crypt:3)
  A two-headed ogre zombie (Crypt:2)
  39 nagas
  10 water moccasins
  A naga skeleton (Hell)
  2 ogre skeletons
  A floating eye (Slime:3)
  23 small abominations
  27 orc warriors
  7 swamp drakes (Swamp:4)
  A sky beast (shapeshifter) (D:14)
  2 sky beasts
  4 black bears
  An ettin simulacrum (Vaults:3)
  3 boggarts (Lair:5)
  A tengu (Abyss:3)
  14 ogres
  A blink frog zombie (Crypt:2)
  9 centaurs
  27 wolves
  2 phantoms
  An elf zombie (Crypt:1)
  7 kobold brigands
  8 bullfrogs
  5 necrophages
  4 gnoll sergeants
  4 earth elementals
  A wyvern zombie (D:5)
  A glowing shapeshifter simulacrum (Vaults:2)
  3 scorpions
  15 wights
  A warg skeleton (Crypt:2)
  4 killer bees (D:10)
  8 electric eels
  A crimson imp (Abyss:1)
  2 bullfrog zombies (D:5)
  5 quasits
  16 orc priests
  A bullfrog skeleton (D:5)
  A hound (D:7)
  A jelly (D:6)
  A black bear zombie (Crypt:1)
  7 gnoll boudas
  An iguana (D:6)
  4 iron imps
  Jessica (D:2)
  13 orc wizards
  4 hell rats
  A sleepcap (D:7)
  A mummy (Depths:3)
  Robin (D:2)
  30 gnolls
  8 adders
  A shadow imp (Abyss:1)
  7 white imps
  4 ufetubi
  A worm zombie (Crypt:3)
  3 dart slugs
  64 orcs
  3 bats
  6 endoplasms
  15 hobgoblins
  3 jackals (D:3)
  3 quokkas
  6 ball pythons
  A dart slug zombie (Crypt:3)
  3 frilled lizards
  A giant cockroach zombie (Crypt:1)
  18 goblins
  35 kobolds
  4 rats
  A river rat zombie (Crypt:1)
  4 creeping infernos
  10 fire vortices
  A fulminant prism (Pan)
  8 starspawn tentacles
3376 creatures vanquished.

Vanquished Creatures (collateral kills)
  Sojobo (Vaults:3)
  2 caustic shrikes
  A profane servitor (Hell)
  2 hellephants (Geh:6)
  A titan (Vaults:5)
  A lich (Abyss:3)
  2 searing wretches (Geh:6)
  A tentacled starspawn (Abyss:3)
  A storm dragon (Pan)
  2 demonspawn warmongers (Pan)
  A fire giant (Geh:5)
  A vault warden (Vaults:3)
  A juggernaut zombie (Crypt:3)
  A deep elf elementalist (Elf:3)
  A demonspawn blood saint (Pan)
  2 very ugly things
  A cacodemon (Pan)
  An ironbound preserver (Vaults:3)
  A formless jellyfish (Vaults:4)
  2 vampire knights (Crypt:3)
  3 lorocyprocas
  A dire elephant (Vaults:4)
  2 purple draconians (Zot:5)
  A wendigo (Depths:3)
  A green death (Pan)
  A jiangshi (Crypt:3)
  2 stokers
  A death knight (Crypt:3)
  A hell hog (Geh:6)
  A titan zombie (Crypt:3)
  9 sun demons (Pan)
  5 skeletal warriors (Crypt:3)
  A sixfirhy (Pan)
  A shadow wraith (Crypt:2)
  A flayed ghost (Crypt:3)
  5 phantasmal warriors (Crypt:3)
  A wizard (Vaults:3)
  A deep elf pyromancer (Elf:2)
  A necromancer (Vaults:3)
  3 ugly things
  A moth of wrath (Zot:1)
  3 smoke demons
  3 orange demons
  A rust devil (Depths:1)
  A freezing wraith (Crypt:3)
  An ice devil (Depths:1)
  A yaktaur (Vaults:4)
  A tormentor (Pan)
  3 hellwings (Pan)
  4 flying skulls (Crypt:3)
  2 slime creatures
  5 neqoxecs
  3 wraiths (Crypt:3)
  4 chaos spawn
  3 large abominations (Pan)
  A black bear (shapeshifter) (Vaults:3)
  An elephant zombie (Crypt:3)
  A kobold skeleton (Crypt:3)
  A kobold zombie (Crypt:3)
  3 ball lightnings (Pan)
  2 starspawn tentacles (Abyss:3)
113 creatures vanquished.

Vanquished Creatures (others)
  A war gargoyle (Vaults:5)
  A fire dragon (Abyss:3)
  A hydra (Swamp:3)
  A sun demon (Pan)
  A soul eater (Pan)
  A bog body (Swamp:1)
  2 deep elf zephyrmancers (Elf:2)
  A moth of wrath (Abyss:3)
  A rust devil (Hell)
  A smoke demon (WizLab)
  2 bunyip simulacra (Hell)
  3 bloated husks
  A hellwing (Pan)
  A hornet (Swamp:1)
  A fire bat (Abyss:3)
  4 chaos spawn
  A harpy simulacrum (Hell)
  A hell hound (Hell)
  A demonspawn simulacrum (Hell)
  A small abomination (Abyss:3)
  A jelly (Abyss:3)
  An orc wizard (Orc:2)
  70 ball lightnings
  4 fire vortices
  12 foxfires (Swamp:2)
  44 fulminant prisms
  A lurking horror (Abyss:3)
  37 starspawn tentacles
197 creatures vanquished.

Grand Total: 3686 creatures vanquished

Notes
Turn   | Place    | Note
-------+----------+-------------------------------------------
     0 | D:5      | drugrobin the Demigod Delver began the quest for the Orb.
     0 | D:5      | Reached XP level 1. HP: 18/18 MP: 3/3
     4 | D:5      | Noticed a phantom
     6 | D:5      | Found a transporter.
     6 | D:5      | Noticed LeprechaunX's ghost (novice OpSh)
    10 | D:5      | Noticed a wyvern zombie
    11 | D:5      | Found a transporter.
    39 | D:5      | Noticed an ogre
   135 | D:5      | Found a staircase to the Ecumenical Temple.
   204 | D:5      | Noticed an ogre
   296 | D:5      | Found Yxemmiof's Assorted Antiques.
   301 | D:5      | Noticed an orc priest
   339 | D:5      | Reached XP level 2. HP: 25/25 MP: 4/4
   457 | D:5      | Reached XP level 3. HP: 14/30 MP: 5/5
   744 | D:5      | Noticed a scorpion
   990 | D:3      | Learned a level 2 spell: Poisonous Vapours
  1238 | D:2      | Noticed Jessica
  1273 | D:2      | Killed Jessica
  1274 | D:2      | Reached XP level 4. HP: 23/37 MP: 6/6
  1888 | D:1      | Found Sunta's Distillery.
  1900 | D:1      | Bought a potion of curing for 30 gold pieces
  1900 | D:1      | Bought a potion of degeneration for 10 gold pieces
  2614 | D:2      | Noticed Robin
  2624 | D:2      | Killed Robin
  3468 | D:3      | Reached skill level 5 in Maces & Flails
  3491 | D:3      | Reached XP level 5. HP: 33/42 MP: 7/7
  3685 | D:3      | Found Zaxkij's Jewellery Shoppe.
  4039 | D:4      | Reached XP level 6. HP: 48/50 MP: 8/8
  5388 | D:5      | Reached XP level 7. HP: 52/56 MP: 9/9
  5420 | D:5      | Learned a level 3 spell: Mephitic Cloud
  5427 | D:6      | Found Bestara's Distillery.
  5453 | D:6      | Bought a potion of lignification for 33 gold pieces
  5453 | D:6      | Bought a potion of attraction for 33 gold pieces
  6021 | D:6      | Reached skill level 1 in Evocations
  6588 | D:6      | Reached XP level 8. HP: 19/62 MP: 10/10
  7186 | D:7      | Noticed Joseph
  7763 | D:8      | Reached skill level 10 in Maces & Flails
  7802 | D:8      | Reached XP level 9. HP: 65/68 MP: 11/11
  7819 | D:8      | Found Ylepn's Distillery.
  7830 | D:8      | Bought a potion of curing for 45 gold pieces
  7830 | D:8      | Bought a potion of haste for 150 gold pieces
  7830 | D:8      | Bought a potion of curing for 45 gold pieces
  7830 | D:8      | Found a flagged portal.
  7844 | Bailey   | Entered a bailey
  7849 | Bailey   | Noticed an orc warlord
  8044 | Bailey   | Found a runed translucent gate.
  8046 | Bailey   | Found a runed translucent gate.
  8047 | Bailey   | Found a runed translucent gate.
  8550 | D:8      | Found a runed translucent door.
  8550 | D:8      | Noticed a gargoyle
  8550 | D:8      | Noticed epsilonplus's ghost (novice OgSh)
  8571 | D:8      | Noticed Erica
  8578 | D:8      | Killed Erica
  9230 | D:8      | Reached skill level 5 in Fighting
  9525 | D:9      | Found Asyiclie's Antique Weapon Boutique.
  9633 | D:9      | Noticed a two-headed ogre
  9862 | D:8      | Reached XP level 10. HP: 71/83 MP: 13/13
 10028 | D:9      | Killed a two-headed ogre
 10074 | D:8      | Reached skill level 1 in Spellcasting
 10415 | D:9      | Found Yhetha's Distillery.
 10423 | D:9      | Bought a potion of heal wounds for 65 gold pieces
 10423 | D:9      | Bought a potion of might for 52 gold pieces
 11080 | D:10     | Entered Level 10 of the Dungeon
 11092 | D:10     | Found Qiobaj's Distillery.
 11262 | D:10     | Bought a potion of brilliance for 64 gold pieces
 11315 | D:10     | Noticed Maggie
 11339 | D:10     | Killed Maggie
 11366 | D:10     | Learned a level 3 spell: Vhi's Electric Charge
 11383 | D:10     | Noticed a death yak
 11442 | D:10     | Noticed Amaemon
 11468 | D:9      | Killed Amaemon
 11469 | D:9      | Reached skill level 1 in Air Magic
 11546 | D:10     | Reached XP level 11. HP: 97/97 MP: 21/21
 11609 | D:10     | Found a staircase to the Lair.
 11663 | D:10     | Noticed a two-headed ogre
 11890 | D:10     | Killed a two-headed ogre
 12288 | D:11     | Found Anyarad's Vocational Training.
 12454 | D:11     | Found a staircase to the Orcish Mines.
 12716 | D:11     | Reached skill level 5 in Spellcasting
 13354 | Lair:1   | Entered Level 1 of the Lair of Beasts
 14500 | Lair:2   | Reached skill level 10 in Fighting
 14605 | Lair:2   | Learned a level 3 spell: Swiftness
 14818 | Lair:2   | Found a staircase to the Snake Pit.
 14869 | Lair:2   | Identified the ring of Riwug {Wiz Str+3}
 14925 | Lair:3   | Noticed a boulder beetle
 15060 | Lair:3   | Killed a boulder beetle
 15096 | Lair:3   | Found the +8 frozen axe "Frostbite" {freeze, freezing
                  | cloud, *Noise Fly rC+}
 15313 | Lair:3   | Noticed a lindwurm
 15348 | Lair:3   | Killed a lindwurm
 15452 | Lair:3   | Reached XP level 12. HP: 42/108 MP: 23/26
 15512 | Lair:3   | Identified the +4 quarterstaff "Osaeguku" {pain, Drain
                  | rElec rN++ rCorr}
 16278 | Lair:4   | Reached skill level 5 in Dodging
 16423 | Lair:4   | Found a staircase to the Slime Pits.
 17047 | Lair:4   | Identified 2 scrolls of acquirement
 17048 | Lair:4   | Acquired a +0 helmet of see invisible
 17057 | Lair:4   | Acquired the +6 Majin-Bo {spellvamp, MP+6 Int+6}
 17057 | Lair:4   | Found the +6 Majin-Bo {spellvamp, MP+6 Int+6}
 17062 | Lair:5   | Entered Level 5 of the Lair of Beasts
 17284 | Lair:5   | Noticed a six-headed hydra
 17307 | Lair:5   | Reached skill level 5 in Air Magic
 17359 | Lair:5   | Noticed a four-headed hydra
 17376 | Lair:5   | Killed a four-headed hydra
 17588 | Lair:5   | Noticed an eight-headed hydra
 17676 | Lair:5   | Found a runed translucent door.
 17676 | Lair:5   | Noticed SirDiesAlot's ghost (journeyman OpSh)
 18104 | Lair:5   | Learned a level 5 spell: Freezing Cloud
 18180 | Lair:5   | Reached XP level 13. HP: 60/117 MP: 26/29
 20133 | Orc:1    | Entered Level 1 of the Orcish Mines
 20193 | Orc:1    | Noticed Sonja
 20219 | Orc:1    | Killed Sonja
 20315 | Orc:1    | You fall into a shaft and drop 1 floor!
 20315 | Orc:2    | Entered Level 2 of the Orcish Mines
 20316 | Orc:2    | Paralysed by an orc sorcerer for 5 turns
 20660 | Orc:2    | Learned a level 5 spell: Arcjolt
 20715 | Orc:2    | Found Hihy's Book Shoppe.
 20999 | Orc:2    | Found a staircase to the Elven Halls.
 21250 | Orc:2    | HP: 2/122 [orc knight/+0 broad axe (20)]
 21871 | Orc:2    | Reached XP level 14. HP: 129/129 MP: 22/30
 21941 | Orc:2    | Found Ideusmets's Assorted Antiques.
 21941 | Orc:2    | Found Rurchulo's Assorted Antiques.
 21943 | Orc:2    | Found Funuriash's Antique Armour Emporium.
 21943 | Orc:2    | Found Uquv's Weapon Shop.
 21949 | Orc:2    | Bought a potion of heal wounds for 160 gold pieces
 21949 | Orc:2    | Bought a scroll of identify for 64 gold pieces
 21955 | Orc:2    | Bought an ancient robe for 119 gold pieces
 21955 | Orc:2    | Identified the +0 robe "Otomp" {rElec rC- Regen+ Int+2}
                  | (You bought it in a shop on level 2 of the Orcish Mines)
 21955 | Orc:2    | Bought a large jade ring for 105 gold pieces
 21955 | Orc:2    | Bought a heavily runed platinum ring for 105 gold pieces
 21955 | Orc:2    | Identified the ring "Isedall" {rC+ Dex+2 SInv} (You bought
                  | it in a shop on level 2 of the Orcish Mines)
 21955 | Orc:2    | Bought a scroll labelled HOLUYH DIGRA for 21 gold pieces
 21955 | Orc:2    | Bought a scroll of identify for 42 gold pieces
 21967 | Orc:2    | Bought a brightly glowing leather armour for 196 gold
                  | pieces
 21967 | Orc:2    | Identified the +2 leather armour of Noeh {-Tele Harm Str+3
                  | Dex+3} (You bought it in a shop on level 2 of the Orcish
                  | Mines)
 21967 | Orc:2    | Bought a silken robe for 159 gold pieces
 21967 | Orc:2    | Identified the +2 robe of Noughts and Crosses {Harm rN+
                  | Str+3} (You bought it in a shop on level 2 of the Orcish
                  | Mines)
 21972 | Orc:2    | Bought a puce potion for 28 gold pieces
 21972 | Orc:2    | Bought a puce potion for 28 gold pieces
 22143 | D:5      | Killed LeprechaunX's ghost
 22265 | D:7      | Killed Joseph
 22303 | D:8      | Bought a potion of haste for 150 gold pieces
 22343 | D:8      | Killed epsilonplus's ghost
 22538 | D:12     | Reached skill level 10 in Dodging
 22956 | D:12     | Noticed Psyche
 22968 | D:12     | Killed Psyche
 23653 | D:13     | Noticed Nessos
 23671 | D:13     | Killed Nessos
 23918 | D:9      | Bought a crystal flail for 187 gold pieces
 23918 | D:9      | Identified the +7 flail "Beast's Curse" {flame, rC+} (You
                  | bought it in a shop on level 9 of the Dungeon)
 24097 | D:13     | Noticed Urug
 24112 | D:13     | Killed Urug
 24646 | D:13     | Noticed Snorg
 24661 | D:13     | Killed Snorg
 25227 | D:14     | Found a runed translucent door.
 25239 | D:14     | Found a runed translucent door.
 25553 | D:14     | Found a runed translucent door.
 25577 | D:14     | Found a runed translucent door.
 25992 | D:14     | Found a gate to the Vaults.
 26344 | D:14     | Reached skill level 15 in Fighting
 26788 | D:15     | Entered Level 15 of the Dungeon
 27072 | D:15     | Found a large runed translucent door.
 27072 | D:15     | Found a large runed translucent door.
 27076 | D:15     | Noticed Bekih's ghost (journeyman TeAE)
 27106 | D:15     | Reached skill level 1 in Shields
 27112 | D:15     | Reached XP level 15. HP: 99/141 MP: 18/31
 27324 | Snake:1  | Entered Level 1 of the Snake Pit
 28959 | Snake:2  | Noticed Roxanne
 29260 | Snake:2  | Acquired a manual of Air Magic
 29824 | Snake:2  | Reached skill level 5 in Shields
 30696 | Snake:3  | Acquired the amulet of Lutoon {Fragile rElec Regen+ Str+4
                  | Int+2}
 30843 | Snake:3  | Reached skill level 10 in Air Magic
 32477 | Snake:4  | Entered Level 4 of the Snake Pit
 32501 | Snake:4  | Found a frozen archway.
 32526 | IceCv    | Entered an ice cave
 32851 | IceCv    | Reached XP level 16. HP: 154/154 MP: 17/32
 35122 | Snake:4  | Reached skill level 15 in Air Magic
 35133 | Snake:4  | Learned a level 8 spell: Maxwell's Capacitive Coupling
 35154 | Snake:4  | Got a serpentine rune of Zot
 35642 | Lair:3   | Found a staircase to the Swamp.
 35651 | Swamp:1  | Entered Level 1 of the Swamp
 35729 | Swamp:1  | Found a transporter.
 35771 | Swamp:1  | Noticed Rudyous's ghost (journeyman DsNe)
 35797 | Swamp:1  | Found a transporter.
 36644 | Swamp:1  | Reached XP level 17. HP: 145/166 MP: 24/33
 36859 | Swamp:2  | Paralysed by a fenstrider witch for 5 turns
 37242 | Swamp:2  | Identified the +7 long sword of Tenacity {flame, rC+ rCorr
                  | SInv}
 37477 | Swamp:3  | Noticed a tentacled monstrosity
 37495 | Swamp:3  | Killed a tentacled monstrosity
 38737 | Swamp:4  | Entered Level 4 of the Swamp
 39842 | Swamp:4  | Noticed the 27-headed Lernaean hydra
 39872 | Swamp:4  | Killed the 27-headed Lernaean hydra
 40146 | Swamp:4  | Got a decaying rune of Zot
 40371 | Lair:5   | Killed SirDiesAlot's ghost
 40584 | D:11     | Bought a manual of Evocations for 1120 gold pieces
 40684 | Vaults:1 | Entered Level 1 of the Vaults
 40969 | Vaults:1 | Reached skill level 5 in Evocations
 41195 | Vaults:1 | Reached skill level 1 in Armour
 41348 | Vaults:1 | Found Wehiujie's Armour Shoppe.
 41393 | Vaults:1 | Reached XP level 18. HP: 167/178 MP: 33/36
 41620 | Vaults:1 | Paralysed by a formless jellyfish for 1 turns
 41713 | Vaults:1 | Reached skill level 2 in Armour
 42369 | Vaults:1 | Reached skill level 10 in Spellcasting
 42382 | Vaults:1 | Reached skill level 3 in Armour
 42937 | Vaults:2 | Found a staircase to the Crypt.
 42974 | Vaults:2 | Reached skill level 4 in Armour
 42982 | Vaults:2 | HP: 1/178 [war gargoyle/spray of metal splinters[a
                  | peacekeeper] (15)]
 42993 | Crypt:1  | Entered Level 1 of the Crypt
 43739 | Vaults:2 | Reached skill level 5 in Armour
 44374 | Vaults:2 | Found Worhal's Jewellery Emporium.
 44950 | Vaults:3 | Reached skill level 10 in Evocations
 45148 | Vaults:3 | Noticed Sojobo
 45214 | Vaults:3 | Learned a level 4 spell: Summon Lightning Spire
 45919 | Vaults:3 | Paralysed by an air elemental for 1 turns
 45923 | Vaults:3 | Paralysed by an air elemental for 1 turns
 45928 | Vaults:3 | Paralysed by an air elemental for 1 turns
 45931 | Vaults:3 | Paralysed by an air elemental for 1 turns
 46356 | Elf:1    | Entered Level 1 of the Elven Halls
 46679 | Elf:1    | Got Sif Muna's Compendium of Gathered Impulse
 46835 | Elf:1    | Paralysed by an air elemental for 1 turns
 46966 | Elf:1    | Found Janew's Assorted Antiques.
 46969 | Elf:1    | Found Upsich's Antique Armour Shop.
 46969 | Elf:1    | Found Fikodiab's Antique Weapon Boutique.
 46972 | Elf:1    | Found Vigh's Jewellery Shop.
 47508 | Elf:2    | Reached XP level 19. HP: 185/185 MP: 36/38
 47527 | Elf:2    | Paralysed by an air elemental for 1 turns
 47531 | Elf:2    | Paralysed by an air elemental for 1 turns
 47735 | Elf:2    | Gained mutation: Your spells are a little easier to cast,
                  | but a little less powerful. [a shining eye]
 47901 | Elf:2    | Found Juiczir's Antique Weapon Emporium.
 47947 | Elf:3    | Entered Level 3 of the Elven Halls
 48281 | Elf:2    | Found a runed translucent gate.
 48281 | Elf:2    | Found a runed translucent gate.
 48281 | Elf:2    | Found a runed translucent gate.
 49619 | Elf:3    | Learned a level 5 spell: Silence
 50782 | Elf:3    | Identified the +8 hand axe of the Reaper {flame, Fly rPois
                  | rC+}
 50904 | Elf:3    | Identified the +1 ring mail of Leveq {+Blink rF+++ Int-4}
 50921 | Elf:3    | Identified the +6 scale mail "Xadghoqoi" {rF- Str+4}
 51007 | Elf:3    | Reached skill level 15 in Maces & Flails
 51061 | Elf:3    | Identified the +0 leather armour of Dithmenos's Approval
                  | {Regen+ Int+3 Stlth+}
 51061 | Elf:3    | Identified the ring of Neaqiliut {rC+ rN+}
 51227 | Elf:3    | Identified the +1 pair of gloves "Razop" {Regen+ Int+5}
 51254 | Elf:3    | Identified the staff of Causality {rF+ rC+ rN+ Str+3 Int+3
                  | Necro}
 51326 | Elf:3    | Identified the +0 war axe "Dulis" {pain, *Slow rElec rN+++
                  | Dex+3}
 51473 | Elf:3    | Found Osmoqac's Jewellery Emporium.
 51473 | Elf:3    | Found Eketyame's Book Boutique.
 51474 | Elf:3    | Found Ymeyff's Jewellery Emporium.
 53203 | Vaults:3 | Reached skill level 6 in Armour
 53203 | Vaults:3 | Killed Sojobo
 53979 | Vaults:4 | Reached XP level 20. HP: 192/193 MP: 38/41
 54340 | Vaults:4 | Identified the +8 falchion "Vaitz" {heavy, Contam rN+++
                  | Str+3 Dex-2}
 54553 | Vaults:4 | Reached skill level 7 in Armour
 54831 | Vaults:4 | Paralysed by a great orb of eyes for 2 turns
 54867 | Vaults:4 | Reached skill level 8 in Armour
 55716 | D:15     | Found a staircase to the Depths.
 55806 | D:15     | Noticed Kirke
 55819 | D:15     | Killed Kirke
 56520 | Depths:1 | Entered Level 1 of the Depths
 57308 | Depths:1 | Noticed Mara
 57360 | Depths:1 | Reached skill level 15 in Evocations
 57363 | Depths:1 | Killed Mara
 57664 | Depths:1 | Found a one-way gate to the infinite horrors of the Abyss.
 57736 | Depths:1 | Found a gateway to Hell.
 57790 | Depths:1 | Found Qeaverau's Distillery.
 58326 | Depths:2 | Found a one-way gateway to a ziggurat.
 58391 | Depths:2 | Identified the +1 whip of Serhud {flame, Int+5}
 59232 | Depths:2 | Reached skill level 9 in Armour
 59232 | Depths:2 | Reached XP level 21. HP: 188/202 MP: 34/43
 60023 | Depths:2 | Found a one-way gate leading to the halls of Pandemonium.
 60710 | Depths:3 | Found Rilou's Distillery.
 60716 | Depths:3 | Bought a potion of curing for 33 gold pieces
 61068 | Depths:3 | Paralysed by a sphinx for 5 turns
 61097 | Depths:3 | Reached skill level 10 in Armour
 61183 | Depths:3 | Noticed a royal mummy
 61667 | Hell     | Entered the Vestibule of Hell
 61667 | Hell     | Noticed Geryon
 61847 | Depths:4 | Entered Level 4 of the Depths
 61952 | Depths:4 | Learned a level 6 spell: Plasma Beam
 62515 | Depths:3 | Identified the +8 dagger "Ryjietz" {heavy, Contam MP+9
                  | Dex+4}
 63026 | Depths:3 | Killed a royal mummy
 64271 | Depths:4 | Noticed a golden dragon
 64276 | Depths:4 | Killed a golden dragon
 64784 | Depths:4 | Reached skill level 11 in Armour
 64875 | Depths:4 | Found a gate to the Realm of Zot.
 65004 | Depths:4 | Learned a level 2 spell: Wereblood
 65006 | Depths:4 | Learned a level 1 spell: Summon Small Mammal
 65009 | Depths:4 | Voluntarily entered the Abyss.
 65661 | Depths:4 | Escaped the Abyss
 65895 | Lair:1   | Reached XP level 22. HP: 210/210 MP: 46/46
 66086 | Depths:1 | Voluntarily entered the Abyss.
 66884 | Depths:1 | Escaped the Abyss
 66912 | Depths:1 | Voluntarily entered the Abyss.
 67001 | Abyss:3  | Paralysed by an air elemental for 1 turns
 67014 | Abyss:3  | Reached skill level 12 in Armour
 67017 | Abyss:3  | Reached XP level 23. HP: 210/217 MP: 30/47
 67491 | Depths:1 | Escaped the Abyss
 67587 | Depths:1 | Voluntarily entered the Abyss.
 67835 | Depths:1 | Escaped the Abyss
 67839 | Depths:1 | Voluntarily entered the Abyss.
 68497 | Abyss:3  | Gained mutation: You occasionally lose the ability to drink
                  | potions when taking damage. [a neqoxec]
 68588 | Abyss:3  | Reached skill level 13 in Armour
 68619 | Abyss:3  | Reached skill level 15 in Spellcasting
 69351 | Abyss:3  | Found a runed translucent door.
 69352 | Abyss:3  | Found a runed translucent door.
 69352 | Abyss:3  | Found a runed translucent door.
 69357 | Abyss:3  | Found a runed translucent door.
 69377 | Abyss:3  | Noticed a dread lich
 69377 | Abyss:3  | Found a runed translucent door.
 69408 | Abyss:3  | Killed a dread lich
 69448 | Abyss:3  | Found a runed translucent door.
 69448 | Abyss:3  | Found a runed translucent door.
 69465 | Abyss:3  | Found a runed translucent door.
 69465 | Abyss:3  | Found a runed translucent door.
 69466 | Abyss:3  | Found a runed translucent door.
 69467 | Abyss:3  | Found a runed translucent door.
 69468 | Abyss:3  | Found a runed translucent door.
 69468 | Abyss:3  | Found a runed translucent door.
 69468 | Abyss:3  | Found a runed translucent door.
 69468 | Abyss:3  | Found a runed translucent door.
 69468 | Abyss:3  | Found a runed translucent door.
 69468 | Abyss:3  | Found a runed translucent door.
 69468 | Abyss:3  | Found a runed translucent door.
 69528 | Abyss:3  | Paralysed by accursed screaming for 1 turns
 69552 | Abyss:3  | Found a runed translucent door.
 69562 | Abyss:3  | Found a runed translucent door.
 69562 | Abyss:3  | Found a runed translucent door.
 69564 | Abyss:3  | Found a runed translucent door.
 69580 | Abyss:3  | Found a runed translucent door.
 69640 | Abyss:3  | Found a runed translucent door.
 69662 | Abyss:3  | Found a runed translucent door.
 69690 | Abyss:3  | Found a runed translucent door.
 69691 | Abyss:3  | Found a runed translucent door.
 69904 | Abyss:3  | Reached skill level 14 in Armour
 69953 | Abyss:3  | Got an abyssal rune of Zot
 70059 | Depths:1 | Escaped the Abyss
 70251 | Zot:1    | Entered Level 1 of the Realm of Zot
 71487 | Zot:1    | Found a runed translucent gate.
 71487 | Zot:1    | Noticed Oriecen's ghost (master DsEE)
 71488 | Zot:1    | Found a runed translucent gate.
 71489 | Zot:1    | Found a runed translucent gate.
 71493 | Zot:1    | Found Naco's Assorted Antiques.
 72591 | Zot:2    | Reached XP level 24. HP: 218/220 MP: 41/48
 73278 | D:15     | Killed Bekih's ghost
 73512 | Zot:3    | Reached skill level 1 in Hexes
 74951 | Zot:4    | Reached skill level 5 in Hexes
 74970 | Zot:4    | Noticed Covvyleb's ghost (veteran DrIE)
 75102 | Zot:4    | Learned a level 4 spell: Fulminant Prism
 75156 | Zot:4    | Found a runed translucent door.
 75430 | Zot:4    | Noticed Grunn
 75804 | Zot:5    | Entered Level 5 of the Realm of Zot
 76172 | Zot:5    | Reached skill level 15 in Armour
 76596 | Zot:5    | Found the amulet of Vitality {RegenMP++ Regen++}
 76666 | Zot:5    | Noticed a Killer Klown
 76678 | Zot:5    | Killed a Killer Klown
 76848 | Zot:5    | Noticed a Killer Klown
 76854 | Zot:5    | Killed a Killer Klown
 76983 | Zot:5    | Noticed a Killer Klown
 76983 | Zot:5    | Noticed a Killer Klown
 76983 | Zot:5    | Noticed an orb of fire
 76983 | Zot:5    | Noticed a Killer Klown
 77000 | Zot:5    | Reached skill level 16 in Armour
 77119 | Zot:5    | Noticed an ancient lich
 77126 | Zot:5    | Killed an orb of fire
 77131 | Zot:5    | Killed an ancient lich
 77181 | Zot:5    | Killed a Killer Klown
 77291 | Zot:5    | Reached skill level 17 in Armour
 77375 | Zot:5    | Noticed a Killer Klown
 77500 | Zot:5    | Killed a Killer Klown
 77568 | Zot:5    | Noticed a Killer Klown
 77593 | Zot:5    | Killed a Killer Klown
 77622 | Zot:5    | Killed a Killer Klown
 77779 | Zot:5    | Killed a Killer Klown
 77798 | Zot:5    | Reached skill level 18 in Armour
 78041 | Zot:5    | Noticed an orb of fire
 78047 | Zot:5    | Killed an orb of fire
 78205 | Zot:5    | Noticed a Killer Klown
 78209 | Zot:5    | Killed a Killer Klown
 78210 | Zot:5    | Reached XP level 25. HP: 235/235 MP: 44/48
 78369 | Zot:5    | Noticed an orb of fire
 78369 | Zot:5    | Gained mutation: You are clumsy. (Dex -2) [an orb of fire]
 78380 | Zot:5    | Killed an orb of fire
 78585 | Zot:5    | Gained mutation: You sometimes lose the ability to drink
                  | potions when taking damage. [mutagenic glow]
 78591 | Zot:5    | Reached skill level 19 in Armour
 78628 | Zot:5    | Noticed an orb of fire
 78631 | Zot:5    | Killed an orb of fire
 78885 | Zot:5    | Lost mutation: You are clumsy. (Dex -2) [potion of
                  | mutation]
 78885 | Zot:5    | Lost mutation: Your spells are a little easier to cast, but
                  | a little less powerful. [potion of mutation]
 78885 | Zot:5    | Gained mutation: You have a pair of small horns on your
                  | head. [potion of mutation]
 79156 | Depths:3 | Bought 2 potions of mutation for 176 gold pieces
 79156 | Depths:3 | Bought a potion of mutation for 88 gold pieces
 79156 | Depths:3 | Bought a potion of mutation for 88 gold pieces
 79156 | Depths:3 | Bought a potion of cancellation for 88 gold pieces
 79156 | Depths:3 | Bought a potion of resistance for 110 gold pieces
 79158 | Depths:3 | Lost mutation: You have a pair of small horns on your head.
                  | [potion of mutation]
 79158 | Depths:3 | Lost mutation: You sometimes lose the ability to drink
                  | potions when taking damage. [potion of mutation]
 79158 | Depths:3 | Lost mutation: You occasionally lose the ability to drink
                  | potions when taking damage. [potion of mutation]
 79158 | Depths:3 | Gained mutation: You possess an exceptional clarity of
                  | mind. [potion of mutation]
 79554 | Orc:2    | Bought a book of Spatial Translocations for 306 gold pieces
 79554 | Orc:2    | Bought a book of the Spheres for 918 gold pieces
 79558 | Orc:2    | Learned a level 2 spell: Blink
 79588 | Orc:2    | Bought a scroll of enchant armour for 157 gold pieces
 79588 | Orc:2    | Bought a scroll of teleportation for 63 gold pieces
 79852 | Vaults:5 | Entered Level 5 of the Vaults
 79853 | Vaults:5 | Noticed an ancient lich
 79863 | Vaults:5 | Noticed a dread lich
 79905 | Vaults:5 | Noticed a dread lich
 79918 | Vaults:5 | Identified the +1 rapier of the Turnip {vamp, rElec}
 80217 | Vaults:5 | Reached skill level 20 in Armour
 80283 | Vaults:5 | Identified the +8 mace of Midsummer {heavy, Str+3}
 80404 | Vaults:5 | Paralysed by a dread lich for 5 turns
 80419 | Vaults:5 | Identified the +5 orcbow of the Tiger {heavy, Contam rC+
                  | Str+4 Dex+4}
 80540 | Vaults:4 | Killed a dread lich
 80850 | Slime:1  | Entered Level 1 of the Pits of Slime
 81302 | Slime:3  | Noticed Dissolution
 81863 | Slime:2  | Lost mutation: You possess an exceptional clarity of mind.
                  | [a shining eye]
 82119 | Slime:3  | Paralysed by a floating eye for 2 turns
 82125 | Slime:3  | Paralysed by a floating eye for 2 turns
 82269 | Slime:3  | Paralysed by a formless jellyfish for 1 turns
 82422 | Slime:2  | Paralysed by a formless jellyfish for 1 turns
 83170 | Slime:5  | Entered Level 5 of the Pits of Slime
 83186 | Slime:5  | Gained mutation: You occasionally lose the ability to read
                  | scrolls when taking damage. [a shining eye]
 83419 | Slime:5  | Noticed the Royal Jelly
 83429 | Slime:5  | Killed the Royal Jelly
 84379 | Slime:5  | Reached XP level 26. HP: 224/248 MP: 41/49
 84601 | Slime:5  | Got a slimy rune of Zot
 84639 | Slime:5  | Identified the ring of Nacuma Aner {rPois rCorr}
 84644 | Slime:5  | Identified the staff "Amuprage" {rPois rF+ Int+2 Poison}
 84702 | Slime:5  | Identified the +10 morningstar of Reasonable Duty {flame,
                  | *Slow rElec Str+6}
 85756 | Hell     | Paralysed by a wendigo for 1 turns
 85886 | Hell     | Paralysed by a wendigo for 1 turns
 86470 | Hell     | Killed Geryon
 86542 | Hell     | Found a gateway to the ashen valley of Gehenna.
 86622 | Hell     | Found a gateway to the freezing wastes of Cocytus.
 86738 | Hell     | Found a gateway to the Iron City of Dis.
 86916 | Hell     | Found a gateway to the decaying netherworld of Tartarus.
 87005 | Geh:1    | Entered Level 1 of Gehenna
 87638 | Geh:3    | Reached skill level 21 in Armour
 87649 | Geh:3    | Learned a level 6 spell: Conjure Ball Lightning
 87760 | Geh:4    | HP: 4/201 [something (17)]
 88552 | Crypt:1  | Found a runed translucent door.
 88589 | Crypt:1  | Noticed Dugafar's ghost (adept GrFi)
 89560 | Crypt:2  | Noticed Xtahua
 89564 | Crypt:2  | Killed Xtahua
 89608 | Crypt:2  | Found a magical portal.
 89619 | WizLab   | Entered The Hall of the Hellbinder
 89959 | WizLab   | Identified the +5 lajatang of the Gazing Scorpion {vamp,
                  | Int+3 Dex+3 Stlth+}
 90105 | WizLab   | Got the Exposition on Bringing Forth
 90122 | WizLab   | Found the +4 consecrated labrys {holy, Valiant Fragile Fly
                  | SInv}
 90139 | WizLab   | Identified the +0 chain mail "Metin" {-Tele rElec rPois
                  | rF++}
 90770 | Crypt:2  | Noticed Bai Suzhen
 90794 | Crypt:2  | Killed Bai Suzhen
 91638 | Coc:1    | Entered Level 1 of Cocytus
 91724 | Depths:3 | Voluntarily entered the Abyss.
 91731 | Abyss:3  | Noticed a dread lich
 91735 | Abyss:3  | Killed a dread lich
 92049 | Depths:3 | Escaped the Abyss
 92743 | Vaults:5 | Killed an ancient lich
 92744 | Vaults:5 | Reached XP level 27. HP: 209/245 MP: 37/51
 92759 | Vaults:5 | Learned a level 2 spell: Sublimation of Blood
 92936 | Vaults:5 | Got the Meditations on Forces
 93163 | Vaults:5 | Identified the +0 ring mail "Tuaplod" {rPois rC- Int+2
                  | Dex+2}
 93224 | Vaults:5 | Killed a dread lich
 93497 | Vaults:5 | Identified the staff of Exchange {rN+ Will+ Str+4 Int+3
                  | Necro}
 93719 | Vaults:5 | Identified the +1 ring mail of Analysis {Rampage *Slow
                  | Dex+5}
 93743 | Vaults:5 | Got the Encyclopedia of Shadowy Lightning
 93765 | Vaults:5 | Got a silver rune of Zot
 94206 | Dis:1    | Entered Level 1 of the Iron City of Dis
 94252 | Hell     | Reached skill level 22 in Armour
 94823 | Tar:1    | Entered Level 1 of Tartarus
 94865 | Tar:1    | Noticed a dread lich
 94868 | Tar:1    | Paralysed by a dread lich for 3 turns
 94874 | Tar:1    | Killed a dread lich
 94971 | Tar:1    | You fall into a shaft and drop 1 floor!
 95590 | Tar:3    | Upgraded the game from 0.31-a0-345-g1ebeae05c6 to
                  | 0.31-a0-354-g827e0957a7
 96080 | Pan      | Entered Pandemonium
 96285 | Pan      | Noticed Seyniock the pandemonium lord
 96287 | Pan      | Identified the amulet "Haack" {Reflect rPois SH+5 SInv}
 96331 | Pan      | Killed Seyniock the pandemonium lord
 96737 | Pan      | Got a demonic rune of Zot
 96740 | Pan      | Identified the ring of Zaruskeh {rElec MP+9 Stlth+}
 96780 | Pan      | Found an exit through the horrors of the Abyss.
 97702 | Pan      | Noticed Sigaz the pandemonium lord
 97706 | Pan      | Killed Sigaz the pandemonium lord
 99653 | Pan      | Reached skill level 23 in Armour
 99690 | Pan      | Noticed Hauqusorux the pandemonium lord
 99704 | Pan      | Killed Hauqusorux the pandemonium lord
 99822 | Pan      | Noticed Cuisuach the pandemonium lord
 99824 | Pan      | Noticed Mennas
 99991 | Pan      | Reached skill level 1 in Conjurations
100140 | Pan      | Killed Cuisuach the pandemonium lord
100199 | Pan      | Killed Mennas
100200 | Pan      | Reached skill level 15 in Dodging
100421 | Pan      | Noticed Bazueck the pandemonium lord
100428 | Pan      | Killed Bazueck the pandemonium lord
101123 | Depths:2 | Escaped Pandemonium
102244 | Geh:7    | Entered Level 7 of Gehenna
103444 | Geh:7    | Reached skill level 5 in Conjurations
103556 | Geh:7    | Reached skill level 24 in Armour
103623 | Geh:7    | Found the +13 sceptre of Asmodeus
103623 | Geh:7    | Noticed Asmodeus
103635 | Geh:7    | Killed Asmodeus
103707 | Geh:7    | Got an obsidian rune of Zot
103912 | Geh:7    | Identified the +2 pair of boots of Patience {rN++ Str+3
                  | Int-4}
105154 | Pan      | Entered the realm of Mnoleg.
105154 | Pan      | Entered Pandemonium
105276 | Pan      | Gained mutation: Your spells are a little easier to cast,
                  | but a little less powerful. [a cacodemon]
105286 | Pan      | Noticed Mnoleg
105289 | Pan      | Killed Mnoleg
105566 | Pan      | Got a glowing rune of Zot
105682 | Pan      | Gained mutation: You are weak. (Str -2) [a cacodemon]
106156 | Pan      | Gained mutation: You are dopey. (Int -2) [a cacodemon]
106231 | Pan      | Entered the realm of Lom Lobon.
107124 | Pan      | Noticed Lom Lobon
107138 | Pan      | Killed Lom Lobon
107188 | Pan      | Got a magical rune of Zot
107473 | Pan      | Identified the +0 scale mail "Otol" {rF- rC+ Regen+ rCorr
                  | Str+4}
107478 | Pan      | Reached skill level 25 in Armour
107756 | Pan      | Found a huge runed translucent gate.
107779 | Pan      | Found an exit through the horrors of the Abyss.
107943 | Pan      | Lost mutation: You are weak. (Str -2) [potion of mutation]
107943 | Pan      | Lost mutation: Your spells are a little easier to cast, but
                  | a little less powerful. [potion of mutation]
107943 | Pan      | Lost mutation: You are dopey. (Int -2) [potion of mutation]
107943 | Pan      | Gained mutation: Your body sometimes deteriorates upon
                  | taking damage. [potion of mutation]
107943 | Pan      | Gained mutation: You are clumsy. (Dex -2) [potion of
                  | mutation]
107943 | Pan      | Gained mutation: Your muscles are strong. (Str +4, Int/Dex
                  | -1) [potion of mutation]
108007 | Pan      | Found a huge runed translucent gate.
108239 | Pan      | Found a huge runed translucent gate.
108239 | Pan      | Found a huge runed translucent gate.
108239 | Pan      | Found a huge runed translucent gate.
108239 | Pan      | Found a huge runed translucent gate.
108346 | Pan      | Found a huge runed translucent gate.
108357 | Pan      | Noticed Iruwnute the pandemonium lord
108374 | Pan      | Killed Iruwnute the pandemonium lord
108658 | Pan      | Entered the realm of Cerebov.
109020 | Pan      | Reached skill level 10 in Hexes
109435 | Pan      | Found the +6 sword of Cerebov {flame}
109435 | Pan      | Noticed Cerebov
109440 | Pan      | Killed Cerebov
109552 | Pan      | Identified the ring "Topesar" {rPois rN++ AC+4 Int-5}
109557 | Pan      | Identified the +2 leather armour of Duck's Teeth {rN+ Str-3
                  | Slay+5}
109566 | Pan      | Identified the staff of a wizard's laboratory {rC+ Str+5
                  | Int+3 Earth}
109592 | Pan      | Got a fiery rune of Zot
109679 | Pan      | Identified the amulet of Wameil {Spirit Drain rCorr Dex+5
                  | Stlth+}
109701 | Pan      | Identified the ring of Cynicism {Fire rElec Will+ Int-2}
109776 | Pan      | Identified the +6 ice dragon scales of Sif Muna's
                  | Indignation {rF- rC++ Int+3}
109786 | Pan      | Identified the +0 pair of gloves of the Lion {+Inv rF- rC+
                  | Int+4}
109788 | Pan      | Identified the +5 hand axe "Dappafok" {drain, Drain rCorr
                  | Str+3 Int+2}
110034 | Pan      | Learned a level 4 spell: Airstrike
110203 | Abyss:3  | Cast into level 3 of the Abyss (reaper)
110214 | Pan      | Escaped the Abyss
110391 | Pan      | Noticed Jejetz the pandemonium lord
110395 | Pan      | Killed Jejetz the pandemonium lord
110599 | Pan      | Found an exit through the horrors of the Abyss.
111106 | Pan      | Took an exit into the Abyss.
111106 | Abyss:3  | Escaped into the Abyss
111152 | Abyss:3  | Noticed an ancient lich
111159 | Abyss:3  | Killed an ancient lich
111194 | Depths:2 | Escaped the Abyss
111605 | Crypt:1  | Killed Dugafar's ghost
111643 | Crypt:3  | Entered Level 3 of the Crypt
112023 | Crypt:3  | Identified the +4 spear "Unlor" {holy, *Noise Str+3 Int+3
                  | Dex+2}
112118 | Crypt:3  | Found a staircase to the Tomb.
112631 | Tar:4    | HP: 3/223 [Tzitzimitl/bolt of negative energy (12)]
112633 | Tar:4    | Killed from afar by a Tzitzimitl

Illustrated notes

Levels and vault maps discovered:
D:1:      dpeg_arrival_three_smaller_balls, layout_loops_ring, serial_shops,
          shop
D:2:      layout_basic, serial_curves, eino_curves_02, eino_curves_03,
          eino_curves_04, eino_curves_03, serial_bayou_pond_e, uniq_robin,
          uniq_jessica
D:3:      layout_basic, gammafunk_temple_overflow_claw, serial_shops,
          nicolae_shop_crystal, st_stairs_12, minmay_puff
D:4:      layout_basic
D:5:      layout_basic, minmay_temple_entry_grid, serial_shops,
          nicolae_shop_tiny_statue_garden, gammafunk_ghost_mausoleum
D:6:      layout_basic, serial_shops, nicolae_lakefront_shop,
          serial_corexii_hall, chequers_hall_statues_y,
          corexii_hall_statues_deadend, corexii_hall_statues_i,
          chequers_hall_statues_wall_a
D:7:      layout_cave_pools, kennysheep_little_box, uniq_joseph
D:8:      layout_basic, serial_shops, shop, ebering_ghost_inner_flame,
          enter_bailey_3, amcnicky_mini_pool_small, minivault_5, uniq_erica
D:9:      layout_cave_pools, grunt_temple_overflow_forces_of_nature,
          mainiacjoe_overflow_catwalk, worldfamousw_hep_ancestral_shrine,
          serial_shops, shop_fountains, nicolae_shop_advertising_works
          [nicolae_subvault_shop_adworks], kennysheep_another_room
D:10:     layout_basic, mainiacjoe_overflow_alcove_3, david_lair_generic,
          serial_shops, nicolae_shop_waterfront, dk_vineyard_2, uniq_maggie,
          uniq_amaemon
D:11:     layout_loops_ring, kennysheep_orc_monster_closet_entryway,
          nicolae_shop_vocational
D:12:     layout_basic, uniq_psyche
D:13:     kennysheep_seaside_town, layout_gridville, elyvilon_altar_3,
          uniq_urug, uniq_nessos, uniq_snorg
D:14:     layout_grid_maze, erik_vaults_2, nicolae_cairo_tiling_large,
          st_stairs_4, minmay_statue_crystal_thing
D:15:     hangedman_depths_entry_civil_slaughter, layout_irregular_city,
          minivault_14, ebering_ghost_disaster_area, uniq_kirke
Lair:1:   layout_cellular_growth, serial_bayou_shore_b
Lair:2:   layout_roguey, guppyfry_snake_entry_garden
Lair:3:   layout_hall_layers, nicolae_swamp_entry_spooky, beast_lair_carwin_2,
          grunt_megastairs_1, lemuel_fruit_tree, serial_bayou_shore_a
Lair:4:   layout_cave_pods, slime_entry_1, basic_altar, lookout_lair_type,
          serial_bayou_pond_e, grunt_megastairs_2, infiniplex_staircase_pool_2
Lair:5:   minmay_lair_end_enchanted_forest, layout_regular_city,
          ebering_ghost_reflecting_pool, nicolae_lair_lindhole
Swamp:1:  layout_basic_swamp, gammafunk_ghost_arena, nicolae_swamp_tree_isthmus
Swamp:2:  layout_falls_marsh, serial_swamp_ruin, evilmike_swamp_ruin_rubble_1,
          evilmike_swamp_ruin_house_2, evilmike_swamp_ruin_house_4, swamp_pool4
Swamp:3:  layout_basic_swamp, hangedman_swamp_blocks, swamp_pool2,
          nicolae_swamp_orc_logging_accident, nicolae_swamp_catching_bugs
Swamp:4:  grunt_swamp_rune_castle, layout_basic_swamp, nicolae_swamp_oxbows
Snake:1:  layout_chambers, serial_bayou_pond_c, st_stairs_7
Snake:2:  layout_chambers, uniq_roxanne
Snake:3:  layout_layer_cave
Snake:4:  snake_pit, layout_rooms, portal_ice_cave_entry_ice_statue_one,
          nicolae_snake_squiggles, grunt_megastairs_3
Slime:1:  layout_caves
Slime:2:  layout_caves, nicolae_slime_barrier
Slime:3:  layout_caves, uniq_dissolution
Slime:4:  layout_caves
Slime:5:  slime_pit_nicolae_royal_road_to_ruin
Orc:1:    layout_caves, uniq_sonja
Orc:2:    grunt_orc_tribal_feast, layout_diamond_mine, serial_shops, shop,
          hellmonk_bongcloud_opening
Elf:1:    elf_arrival_002, layout_geoelf_grid, minmay_elf_sorcery,
          minmay_shoptagon
Elf:2:    elven_hall_of_blades_hangedman_original [nooodl_blade_entry_preview],
          layout_loops_cross, serial_shops, shop, st_stairs_7
Elf:3:    minmay_elf_hall_curves, layout_gridlike, minmay_shop_grove
Vaults:1: nicolae_vaults_stairing_the_circle, nicolae_vaults_sealed_display,
          ontoclasm_vaults_gateway, v_alt_pattern_6, nicolae_vaults_tangram_2,
          v_misc_15, nicolae_vaults_surprise_closet_hard,
          nicolae_vaults_double_plus_1, grunt_vaults_hallway_short,
          vaults_mumra_minichess_inversion, ontoclasm_vaults_loading_screen,
          vaults_room_semicircle, layout_vaults_chaotic_city, serial_shops,
          nicolae_square_shop
Vaults:2: nicolae_vaults_cochlea, v_misc_16, nicolae_vaults_storage_closets_3,
          minmay_crypt_entry_nasty_monster, vaults_room_pools,
          hangedman_vaults_pinch, nicolae_vaults_shipping_containers_7,
          nicolae_vaults_spaceships, vaults_dpeg_diagonal,
          nicolae_vaults_little_squares_3, vaults_room_grid,
          nicolae_vaults_house_2, nicolae_vaults_shelves_hall, serial_ice_b,
          nicolae_vaults_house_3, vaults_room_fours, layout_vaults_big_cross,
          serial_shops, nicolae_shop_hallway_plus
Vaults:3: v_misc_5, grunt_vaults_focal, hangedman_vaults_capsules,
          nicolae_vaults_house_1, dpeg_vaults_hating_casters,
          layout_vaults_omnigrid, uniq_sojobo
Vaults:4: nicolae_vaults_border_crossing, nicolae_vaults_network_quinsquares
          [nicolae_vaults_network_quincunx_subvault,
          nicolae_vaults_network_quincunx_subvault,
          nicolae_vaults_network_quincunx_subvault,
          nicolae_vaults_network_quincunx_subvault], grunt_vaults_hallway_long,
          grunt_vaults_twisty, ontoclasm_vaults_twist, v_misc_11, v_misc_24,
          nicolae_vaults_octothorpe, v_pattern_2,
          nicolae_vaults_security_offices_2, v_misc_26,
          nicolae_vaults_little_squares_4, nicolae_vaults_gold_heap,
          vaults_room_door_ring, nicolae_vaults_double_plus_2,
          layout_vaults_omnibox
Vaults:5: serial_shops
Crypt:1:  lemuel_minitomb, layout_chaotic_city, ebering_ghost_xom, minivault_23,
          grunt_crypt_arrival_webbed
Crypt:2:  layout_misc_corridors, mu_enter_wizlab_4, basic_altar,
          nicolae_letterblocks [nicolae_letter_subblock,
          nicolae_letter_subblock, nicolae_letter_subblock,
          nicolae_letter_subblock, nicolae_letter_subblock,
          nicolae_letter_subblock, nicolae_letter_subblock,
          nicolae_letter_subblock, nicolae_letter_subblock,
          nicolae_letter_subblock, nicolae_letter_subblock,
          nicolae_letter_subblock, nicolae_letter_subblock,
          nicolae_letter_subblock, nicolae_letter_subblock,
          nicolae_letter_subblock, nicolae_letter_subblock,
          nicolae_letter_subblock, nicolae_letter_subblock,
          nicolae_letter_subblock, nicolae_letter_subblock,
          nicolae_letter_subblock, nicolae_letter_subblock,
          nicolae_letter_subblock, nicolae_letter_subblock], uniq_bai_suzhen,
          uniq_xtahua
Crypt:3:  church_of_pain_bobbens, layout_chaotic_city,
          nicolae_tomb_entry_rubble_hallway
Depths:1: layout_gridlike, nrook_mini_backslash, abyss_entry, serial_shops,
          nicolae_shop_just_a_little_nook, pf_hell_entry_tar_spiral,
          grunt_ministairs_14, serial_bayou_lagoon_a, grunt_gozag_breadcrumbs,
          uniq_mara
Depths:2: four-leaf_vault, layout_basic, enter_ziggurat_a,
          rand_demon_pan_entry_3, hell_entry,
          minmay_staircase_statues_hall_small, serial_bayou_shore_b
Depths:3: ragdoll_tomb_raider, layout_cave_pools,
          nicolae_kite_square_tiling_tiny, lightli_too_deep,
          hangedman_abyss_entry_splay, dk_noncrumbling_3, minmay_shop_star
Depths:4: evilmike_zot_entry_hall, layout_gridlike, hell_entry,
          hangedman_abyss_or_decor_stabs, abyss_entry, minmay_stone_trees_large
Hell
Dis:1:    layout_gridville, nicolae_dis_grated_feature
Dis:2:    layout_regular_city
Geh:1:    layout_gehenna_lava_caves
Geh:2:    layout_gehenna_lava_caves
Geh:3:    layout_gehenna_pools_triple
Geh:4:    layout_gehenna_pools_box
Geh:5:    layout_gehenna_pools_basic, nicolae_geh_amphitheater
Geh:6:    nicolae_geh_i_lava_good_maze
          [nicolae_geh_lavamaze_orthhalf_weird_bits,
          nicolae_geh_lavamaze_orthhalf_recurse]
Geh:7:    geh_hangedman
Coc:1:    layout_cocytus_water_paths
Tar:1:    layout_cathedral_of_symmetry, nicolae_tar_cuneiform_three
Tar:2:    nicolae_tar_tart_auras, layout_cathedral_of_symmetry,
          nicolae_tar_cuneiform_sun
Tar:3:    layout_honeycomb
Tar:4:    layout_grid_maze
Zot:1:    layout_concentric_octagons, ebering_ghost_gozag
Zot:2:    layout_misc_corridors, lemuel_elevator
Zot:3:    layout_concentric_octagons
Zot:4:    layout_gridlike, hellmonk_ghost_big_iron, uniq_grunn
Zot:5:    layout_misc_corridors, drop_trap, kennysheep_underground_church

Skill      XL: |  1  2  3  4  5  6  7  8  9 10 11 12 13 14 15 16 17 18 19 20 21 22 23 24 25 26 27 |
---------------+----------------------------------------------------------------------------------+-----
Maces & Flails | 2 3 4 5 6 7 8 10 12 15 16 | 16.4
Evocations     | 2 4 5 11 12 15 | 15.0
Fighting       | 6 9 10 11 13 15 16 18 20 21 22 24 | 24.5
Spellcasting   | 4 6 8 9 10 12 14 15 16 18 20 | 20.8
Air Magic      | 1 4 6 8 12 15 16 17 18 20 21 22 | 22.0
Dodging        | 4 6 9 12 17 | 17.6
Shields        | 1 5 7 8 |  8.0
Armour         | 1 5 6 9 11 12 14 18 20 21 25 | 25.6
Hexes          | 5 8 11 | 11.8
Conjurations   | 5 |  5.0
Stealth        | |  4.5

Action                     |  1- 3 |  4- 6 |  7- 9 | 10-12 | 13-15 | 16-18 | 19-21 | 22-24 | 25-27 || total
---------------------------+-------+-------+-------+-------+-------+-------+-------+-------+-------++-------
  Melee: Mace              |    82 |    69 |   124 |    62 |       |       |       |       |       ||   337
         Punch             |     2 |     2 |     5 |     4 |       |       |       |       |       ||    13
         Whip              |       |    84 |   154 |   119 |       |       |       |       |       ||   357
         Dagger            |       |    52 |    47 |       |       |       |       |       |       ||    99
         Morningstar       |       |       |       |   133 |    82 |    38 |   104 |       |       ||   357
         Demon whip        |       |       |       |   618 |  1287 |   280 |   600 |  1077 |  2418 ||  6280
         Flail             |       |       |       |       |   301 |  1142 |   585 |       |       ||  2028
         Bo                |       |       |       |       |       |       |    35 |       |       ||    35
         Staff             |       |       |       |       |       |       |    31 |    46 |   173 ||   250
         Eveningstar       |       |       |       |       |       |       |       |       |   870 ||   870
  Throw: Dart              |       |       |    10 |     3 |       |       |       |       |       ||    13
         Boomerang         |       |       |     3 |       |       |       |       |       |       ||     3
         Throwing net      |       |       |     3 |       |       |       |       |       |       ||     3
         Javelin           |       |       |       |     1 |       |       |       |       |       ||     1
   Cast: Poisonous Vapours |       |       |     5 |       |     6 |       |       |       |     2 ||    13
         Mephitic Cloud    |       |       |     1 |     8 |    49 |    13 |     3 |       |     2 ||    76
         Vhi's Electric Ch |       |       |       |    23 |   108 |   118 |   113 |    74 |   287 ||   723
         Freezing Cloud    |       |       |       |     1 |    52 |   138 |    94 |    80 |   165 ||   530
         Swiftness         |       |       |       |     1 |     3 |       |     3 |       |    10 ||    17
         Arcjolt           |       |       |       |       |     7 |     4 |     9 |     5 |     6 ||    31
         Maxwell's Capacit |       |       |       |       |       |     7 |   102 |   127 |   287 ||   523
         Summon Lightning  |       |       |       |       |       |       |    27 |    21 |    74 ||   122
         Silence           |       |       |       |       |       |       |     2 |       |       ||     2
         Plasma Beam       |       |       |       |       |       |       |     1 |    40 |   156 ||   197
         Summon Small Mamm |       |       |       |       |       |       |       |     3 |     4 ||     7
         Blink             |       |       |       |       |       |       |       |       |    34 ||    34
         Wereblood         |       |       |       |       |       |       |       |       |    37 ||    37
         Fulminant Prism   |       |       |       |       |       |       |       |       |    45 ||    45
         Conjure Ball Ligh |       |       |       |       |       |       |       |       |    25 ||    25
         Airstrike         |       |       |       |       |       |       |       |       |    12 ||    12
  Evoke: Wand              |     1 |     1 |     3 |    15 |    18 |     2 |     2 |     1 |    20 ||    63
         Tin of tremorston |       |       |       |       |       |     2 |     1 |       |     5 ||     8
         Phantom mirror    |       |       |       |       |       |     2 |     1 |     1 |     3 ||     7
         Phial of floods   |       |       |       |       |       |     1 |       |       |     1 ||     2
         Horn of Geryon    |       |       |       |       |       |       |       |       |     2 ||     2
         Lightning rod     |       |       |       |       |       |       |       |       |     1 ||     1
    Use: Potion            |     1 |       |     1 |       |     4 |     3 |     1 |     3 |    17 ||    30
         Scroll            |     1 |       |       |     4 |    18 |    12 |     8 |     6 |    35 ||    84
   Stab: Sleeping          |     5 |    10 |     6 |     4 |     3 |     1 |     1 |       |       ||    30
         Held in net/web   |       |       |     3 |       |       |       |       |       |       ||     3
         Paralysed         |       |       |     7 |    15 |     6 |     5 |       |       |     8 ||    41
         Confused          |       |       |     3 |    11 |    46 |    10 |       |       |     6 ||    76
         Distracted        |       |       |     1 |     1 |     1 |     2 |     3 |     5 |    20 ||    33
 Armour: Leather armour    |    30 |       |       |       |       |       |       |       |       ||    30
         Robe              |       |    47 |    57 |    64 |       |       |       |       |       ||   168
         Troll leather arm |       |       |       |   105 |   214 |   144 |       |       |       ||   463
         Swamp dragon scal |       |       |       |       |       |    54 |       |       |       ||    54
         Ice dragon scales |       |       |       |       |       |   236 |   450 |   272 |       ||   958
         Fire dragon scale |       |       |       |       |       |       |       |   122 |    44 ||   166
         Gold dragon scale |       |       |       |       |       |       |       |       |  1996 ||  1996
  Dodge: Dodged            |    62 |   104 |   111 |   318 |   687 |   828 |   570 |   527 |  1524 ||  4731
  Block: Other             |       |       |    48 |    35 |       |       |       |       |       ||    83
         Reflection        |       |       |     4 |     1 |    40 |       |       |       |       ||    45
         Buckler           |       |       |       |   194 |   290 |   464 |   391 |   324 |  1303 ||  2966
         Kite shield       |       |       |       |       |   317 |    47 |       |       |       ||   364

Table legend: (Time is in decaauts)
 A = Elapsed time spent in this place.
 B = Non-inter-level travel time spent in this place.
 C = Inter-level travel time spent in this place.
 D = Time resting spent in this place.
 E = Time spent auto-exploring this place.
 F = Levels seen in this place.
 G = Mean time per level.
                   A        B        C        D        E       F      G
               +--------+--------+--------+--------+--------+-----+--------+
         Total | 109166 |  99093 |  10073 |  13787 |  45250 |  93 | 1173.8 |
       Dungeon |  20711 |  17801 |   2910 |   2046 |  10641 |  15 | 1380.7 |
          Lair |   7164 |   6300 |    864 |    514 |   3807 |   5 | 1432.8 |
         Swamp |   4800 |   4580 |    220 |    402 |   2537 |   4 | 1200.0 |
     Snake Pit |   6990 |   6676 |    314 |    778 |   4297 |   4 | 1747.5 |
    Slime Pits |   3925 |   3690 |    235 |    617 |   1300 |   5 |  785.0 |
  Orcish Mines |   1999 |   1766 |    233 |    206 |    971 |   2 |  999.5 |
   Elven Halls |   6044 |   5734 |    310 |   1253 |   2707 |   3 | 2014.7 |
        Vaults |  10391 |   9024 |   1367 |   1476 |   4510 |   5 | 2078.2 |
         Crypt |   3101 |   2912 |    189 |    548 |   1229 |   3 | 1033.7 |
        Depths |  10819 |   8942 |   1877 |   1660 |   4829 |   4 | 2704.8 |
          Hell |   2298 |   1902 |    396 |   1030 |    342 |   1 | 2298.0 |
           Dis |    295 |    275 |     20 |     42 |      0 |   2 |  147.5 |
       Gehenna |   4102 |   3748 |    354 |    343 |    657 |   7 |  586.0 |
       Cocytus |      1 |      1 |      0 |      0 |      0 |   1 |    1.0 |
      Tartarus |   1278 |   1095 |    183 |    122 |    298 |   4 |  319.5 |
           Zot |   8215 |   7622 |    593 |   1396 |   2262 |   5 | 1643.0 |
         Abyss |   4445 |   4445 |      0 |    454 |   1428 |  10 |  444.5 |
   Pandemonium |  10504 |  10504 |      0 |    871 |   2778 |  10 | 1050.4 |
        Bailey |    569 |    569 |      0 |      4 |    133 |   1 |  569.0 |
      Ice Cave |    952 |    952 |      0 |     15 |    388 |   1 |  952.0 |
        Wizlab |    555 |    555 |      0 |      6 |    133 |   1 |  555.0 |
               +--------+--------+--------+--------+--------+-----+--------+

Top non-repeatable levels by time:
Depths:3: 3157 daAuts
 Abyss:3: 3145 daAuts
   Zot:5: 3116 daAuts
Depths:2: 2722 daAuts
   Elf:3: 2588 daAuts
  Lair:5: 2548 daAuts
Depths:4: 2520 daAuts
Vaults:3: 2496 daAuts
Depths:1: 2419 daAuts
    Hell: 2298 daAuts
Vaults:2: 2202 daAuts
    D:14: 2197 daAuts
   Geh:7: 2190 daAuts
Vaults:4: 2059 daAuts
   Elf:2: 2049 daAuts
